 Dungeon Crawl Stone Soup version 0.21-a0-522-ga8338f0 (webtiles) character file.

353 lemonriz the Insei (level 6, -1/47 HPs)
             Began as a Gnoll Transmuter on Dec 6, 2017.
             Slain by a phantom (7 damage)
             ... on level 4 of the Dungeon.
             The game lasted 00:03:53 (1998 turns).

lemonriz the Insei (Gnoll Transmuter)               Turns: 1998, Time: 00:03:54

Health: -1/47      AC:  3    Str: 12    XL:     6   Next: 62%
Magic:  9/14       EV: 14    Int: 18    God:
Gold:   164        SH:  0    Dex: 15    Spells: 9/15 levels left

rFire    . . .     SeeInvis .     - Unarmed
rCold    . . .     Gourm    .   (no shield)
rNeg     . . .     Faith    .   s - +0 leather armour (curse)
rPois    .         Spirit   .   (no helmet)
rElec    .         Reflect  .   (no cloak)
rCorr    .         Harm     .   (no gloves)
MR       .....                  (no boots)
Stlth    ++........             (no amulet)
HPRegen  0.15/turn              (no ring)
MPRegen  0.14/turn              (no ring)

@: no status effects
A: distributed training, fangs 1, strong nose
a: no special abilities


You were on level 4 of the Dungeon.
You were not hungry.

You visited 1 branch of the dungeon, and saw 4 of its levels.

You collected 164 gold pieces.

Inventory:

Missiles
 a - 22 arrows
Armour
 s - a cursed +0 leather armour (worn)
Wands
 b - a wand of flame (31)
 h - a wand of enslavement (15)
Scrolls
 g - a scroll of fear
 k - a scroll of remove curse {unknown}
 o - a scroll of enchant armour {unknown}
 p - a scroll of blinking {unknown}
 q - 3 scrolls of identify {unknown}
 r - a scroll of teleportation {unknown}
Potions
 e - 3 potions of agility {unknown}
 i - a potion of curing {unknown}
 j - a potion of heal wounds {unknown}
 l - a potion of ambrosia {unknown}
 n - 2 potions of brilliance {unknown}
Books
 c - a book of Changes

   Spells                             Type                      Level
   a - Beastly Appendage              Transmutation                1
   b - Sticks to Snakes               Transmutation                2
   c - Spider Form                    Transmutation/Poison         3
   d - Ice Form                       Ice/Transmutation            4
   e - Blade Hands                    Transmutation                5
Comestibles
 d - 2 bread rations
 f - a meat ration
 m - 2 royal jellies
 t - 3 chunks of flesh


   Skills:
 + Level 3.2 Fighting
 + Level 2.0 Short Blades
 + Level 2.0 Long Blades
 + Level 2.0 Axes
 + Level 2.0 Maces & Flails
 + Level 2.0 Polearms
 + Level 2.0 Staves
 + Level 2.0 Slings
 + Level 2.0 Bows
 + Level 2.0 Crossbows
 + Level 2.0 Throwing
 + Level 2.0 Armour
 + Level 5.0 Dodging
 + Level 2.0 Stealth
 + Level 2.0 Shields
 + Level 6.8 Unarmed Combat
 + Level 5.4 Spellcasting
 + Level 1.5 Conjurations
 + Level 1.5 Hexes
 + Level 1.5 Charms
 + Level 1.5 Summonings
 + Level 1.5 Necromancy
 + Level 1.5 Translocations
 + Level 4.1 Transmutations
 + Level 1.5 Fire Magic
 + Level 1.5 Ice Magic
 + Level 1.5 Air Magic
 + Level 1.5 Earth Magic
 + Level 1.5 Poison Magic
 + Level 2.2 Invocations
 + Level 2.0 Evocations


You had 9 spell levels left.
You knew the following spells:

 Your Spells              Type           Power        Failure   Level  Hunger
a - Beastly Appendage     Tmut           ###...       3%          1    None
b - Sticks to Snakes      Tmut           ###.....     4%          2    #......
c - Spider Form           Tmut/Pois      ###.......   16%         3    ##.....


Dungeon Overview and Level Annotations

Branches:
Dungeon (4/15)
 Temple: D:4-7

Altars:
Dithmenos
Elyvilon
Fedhas
Nemelex Xobeh
Okawaru
Ru
Uskayaw
Xom


Innate Abilities, Weirdness & Mutations

Your experience applies equally to all skills.
You have very sharp teeth.
Your uncanny sense of smell can sniff out nearby items.


Message History

Your ball python bites the phantom.
The phantom hits your ball python!
Your ball python dies!
Casting: Sticks to Snakes
Confirm with . or Enter, or press ? or * to list all spells.
You create a snake!
You now have 22 arrows.
Your ball python barely misses the phantom.
The phantom blinks!
Casting: Sticks to Snakes
Confirm with . or Enter, or press ? or * to list all spells.
You don't know that spell.
The phantom misses your ball python.
Your ball python closely misses the phantom.
The phantom blinks!
Your adder bites the phantom but does no damage.
The phantom blinks!
You hit the phantom.
The phantom is almost destroyed.
Your ball python closely misses the phantom.
The phantom hits you!
You die...

..........# ##.##
..........###.##
.......#...#..#
....#####....## #####
#.....### ##......#####
##########..........###
...............WS.....#
##########.....S@.....#
##.............#
#.........ยง......
##...............
#...............
#...............
#.........%.(..#
##......)......#
#............


You could see a phantom, a friendly adder and a friendly ball python.

Vanquished Creatures
  Sigmund (D:2)
  A bullfrog zombie (D:4)
  A hound (D:4)
  6 adders
  An ooze (D:1)
  2 worms (D:2)
  4 dart slugs
  2 leopard geckos (D:1)
  An orc (D:3)
  6 bats
  4 giant cockroaches
  7 hobgoblins
  9 kobolds
  A ball python (D:2)
  4 frilled lizards
  6 goblins
  6 rats
62 creatures vanquished.

Vanquished Creatures (collateral kills)
  2 kobolds (D:1)
  A bat (D:1)
3 creatures vanquished.

Grand Total: 65 creatures vanquished

Notes
Turn   | Place    | Note
-------+----------+-------------------------------------------
     0 | D:1      | lemonriz the Gnoll Transmuter began the quest for the Orb.
     0 | D:1      | Reached XP level 1. HP: 17/17 MP: 6/6
    61 | D:1      | Reached XP level 2. HP: 18/23 MP: 7/7
   367 | D:1      | Learned a level 2 spell: Sticks to Snakes
   421 | D:1      | Reached XP level 3. HP: 24/28 MP: 3/9
   429 | D:1      | Reached skill level 5 in Spellcasting
   442 | D:1      | Learned a level 3 spell: Spider Form
   678 | D:2      | Reached skill level 1 in Invocations
   757 | D:2      | Reached skill level 1 in Short Blades
   757 | D:2      | Reached skill level 1 in Long Blades
   757 | D:2      | Reached skill level 1 in Axes
   757 | D:2      | Reached skill level 1 in Maces & Flails
   757 | D:2      | Reached skill level 1 in Polearms
   757 | D:2      | Reached skill level 1 in Staves
   757 | D:2      | Reached skill level 1 in Slings
   757 | D:2      | Reached skill level 1 in Bows
   757 | D:2      | Reached skill level 1 in Crossbows
   757 | D:2      | Reached skill level 1 in Throwing
   757 | D:2      | Reached skill level 1 in Armour
   757 | D:2      | Reached skill level 1 in Stealth
   757 | D:2      | Reached skill level 1 in Shields
   757 | D:2      | Reached skill level 1 in Evocations
   759 | D:2      | Found a sacrificial altar of Ru.
   793 | D:2      | Reached XP level 4. HP: 25/34 MP: 9/11
  1080 | D:2      | Found a shimmering altar of Xom.
  1082 | D:2      | Found a shadowy altar of Dithmenos.
  1082 | D:2      | Found a hide-covered altar of Uskayaw.
  1082 | D:2      | Found a blossoming altar of Fedhas.
  1082 | D:2      | Found a white marble altar of Elyvilon.
  1083 | D:2      | Found a sparkling altar of Nemelex Xobeh.
  1095 | D:2      | Found an iron altar of Okawaru.
  1191 | D:2      | Noticed Sigmund
  1202 | D:2      | Reached skill level 1 in Conjurations
  1202 | D:2      | Reached skill level 1 in Hexes
  1202 | D:2      | Reached skill level 1 in Charms
  1202 | D:2      | Reached skill level 1 in Summonings
  1202 | D:2      | Reached skill level 1 in Necromancy
  1202 | D:2      | Reached skill level 1 in Translocations
  1202 | D:2      | Reached skill level 1 in Fire Magic
  1202 | D:2      | Reached skill level 1 in Ice Magic
  1202 | D:2      | Reached skill level 1 in Air Magic
  1202 | D:2      | Reached skill level 1 in Earth Magic
  1202 | D:2      | Reached skill level 1 in Poison Magic
  1202 | D:2      | Killed Sigmund
  1202 | D:2      | Reached XP level 5. HP: 35/41 MP: 9/12
  1202 | D:2      | Reached XP level 6. HP: 40/47 MP: 9/13
  1588 | D:3      | Found a white marble altar of Elyvilon.
  1866 | D:4      | Reached skill level 5 in Dodging
  1890 | D:4      | Noticed a phantom
  1998 | D:4      | Slain by a phantom

Vault maps used:
D:1:      roderic_crop_circles_arrival_small
D:2:      lemuel_crystal_altar, nicolae_overflow_hidden_temple, minitemple,
          uniq_sigmund
D:3:      elyvilon_altar_4
D:4:      serial_shops, shop_statue, first_bread, uniq_menkaure

Skill      XL: |  1  2  3  4  5  6 |
---------------+-------------------+-----
Spellcasting   | 5 |  5.4
Invocations    | 1 2 |  2.2
Short Blades   | 1 2 |  2.0
Long Blades    | 1 2 |  2.0
Axes           | 1 2 |  2.0
Maces & Flails | 1 2 |  2.0
Polearms       | 1 2 |  2.0
Staves         | 1 2 |  2.0
Slings         | 1 2 |  2.0
Bows           | 1 2 |  2.0
Crossbows      | 1 2 |  2.0
Throwing       | 1 2 |  2.0
Armour         | 1 2 |  2.0
Stealth        | 1 2 |  2.0
Shields        | 1 2 |  2.0
Evocations     | 1 2 |  2.0
Conjurations   | 1 |  1.5
Hexes          | 1 |  1.5
Charms         | 1 |  1.5
Summonings     | 1 |  1.5
Necromancy     | 1 |  1.5
Translocations | 1 |  1.5
Fire Magic     | 1 |  1.5
Ice Magic      | 1 |  1.5
Air Magic      | 1 |  1.5
Earth Magic    | 1 |  1.5
Poison Magic   | 1 |  1.5
Fighting       | 3 |  3.2
Transmutations | 4 |  4.1
Dodging        | 5 |  5.0
Unarmed Combat | |  6.8

Action                   |  1- 3 |  4- 6 || total
-------------------------+-------+-------++-------
Melee: Unarmed           |    92 |   113 ||   205
       Bite              |    13 |     6 ||    19
       Headbutt          |     3 |     5 ||     8
       Punch             |       |     5 ||     5
       Kick              |       |     2 ||     2
 Cast: Sticks to Snakes  |     2 |     3 ||     5
       Beastly Appendage |     5 |     3 ||     8
       Spider Form       |       |     2 ||     2
  Use: Scroll            |     1 |       ||     1
  Eat: Chunk             |       |     4 ||     4
Armor: Robe              |    11 |     7 ||    18
       Leather armour    |       |     8 ||     8
Dodge: Dodged            |    67 |    81 ||   148

Table legend:
 A = Spawn XP
 B = Non-spawn XP
 C = Spawn XP percentage of total XP
 D = Spawn monster count
 E = Non-spawn monster count
 F = Spawn count percentage of total count
 G = Total turns spent on level
                    A         B        C        D         E        F      G
               +---------+---------+-------+---------+---------+-------+---------
         Total |       0 |     505 |   0.0 |       0 |      65 |   0.0 |  1998
               +---------+---------+-------+---------+---------+-------+---------
           D:1 |       0 |      56 |   0.0 |       0 |      30 |   0.0 |   674
           D:2 |       0 |     340 |   0.0 |       0 |      27 |   0.0 |   675
           D:3 |       0 |       7 |   0.0 |       0 |       4 |   0.0 |   350
           D:4 |       0 |     102 |   0.0 |       0 |       4 |   0.0 |   299
               +---------+---------+-------+---------+---------+-------+---------
